[Event "Titled Tuesday Blitz June 07 Late 2022"]
[White "Pesotskiy, Mikhail"]
[Black "Sadhwani, Raunak"]
[WhiteFideId "34164453"]
[BlackFideId "35093487"]
[WhiteElo "2010"]
[BlackElo "2616"]
[Result "0-1"]
[Round "01"]
[TimeControl "180+1"]
[Date "2022.06.07"]
[WhiteClock "0:00:09"]
[BlackClock "0:00:10"]

1. d4 d6 2. c4 e5 3. d5 f5 4. e4 Nf6 5. Nc3 Be7 6. exf5 Bxf5 7. Bd3 Bxd3 8. Qxd3 O-O 9. Nge2 Nbd7 10. Ng3 Qe8 11. O-O a5 12. f3 Nh5 13. Nxh5 Qxh5 14. Be3 Bg5 15. Ne4 Bxe3+ 16. Qxe3 b6 17. Rae1 Rf4 18. g3 Rff8 19. Qg5 Qf7 20. f4 h6 21. Qh4 Qg6 22. Qe7 Qf7 23. Qh4 exf4 24. Rxf4 Qg6 25. Ref1 Rae8 26. Rxf8+ Nxf8 27. Rf4 Nd7 28. Rg4 Qf5 29. Rf4 Qg6 30. Rg4 Qf5 31. Rf4 Qe5 32. Qg4 Re7 33. Qh4 Nc5 34. Nxc5 bxc5 35. Rf2 a4 36. Qf4 Qe1+ 37. Rf1 Qe4 38. Qxe4 Rxe4 39. Rf4 Re2 40. Rf2 Re1+ 41. Rf1 Re8 42. Kf2 Re4 43. Rc1 Kf7 44. Kf3 Re8 45. Rc3 Rb8 46. b3 axb3 47. Rxb3 Ra8 48. Rb7 Rxa2 49. Rxc7+ Kf6 50. Rd7 Ke5 51. Rxg7 Rxh2 52. Rg6 Kd4 53. Rxd6 Kxc4 54. Ke4 Re2+ 55. Kf5 h5 56. Kg5 Re3 57. Kh4 Kd4 58. Re6 Rd3 59. d6 Kd5 60. Rh6 Kc6 61. Rxh5 Rxd6 62. Rh8 c4 63. Rc8+ Kd5 64. g4 Rc6 65. Rxc6 Kxc6 66. g5 c3 67. g6 c2 0-1


[Site "https://www.chess.com"]

[Event "Titled Tuesday Blitz June 07 Late 2022"]
[White "Petrovic, Aleksa"]
[Black "Abdrlauf, Elham"]
[WhiteFideId "967629"]
[BlackFideId "1533533"]
[WhiteElo "2117"]
[BlackElo "2403"]
[Result "0-1"]
[Round "01"]
[TimeControl "180+1"]
[Date "2022.06.07"]
[WhiteClock "0:00:37"]
[BlackClock "0:00:40"]

1. d4 Nf6 2. c4 e6 3. Nc3 d5 4. Nf3 dxc4 5. e4 b5 6. e5 Nd5 7. Nxb5 Nb6 8. Be2 Be7 9. O-O O-O 10. Qc2 Bb7 11. Rd1 Nc6 12. Bxc4 Nb4 13. Qb3 Nxc4 14. Qxc4 Ba6 15. Bd2 c6 16. Bxb4 cxb5 17. Qb3 Bb7 18. Bxe7 Qxe7 19. Qxb5 Bxf3 20. gxf3 f6 21. exf6 Rxf6 22. Qc6 Raf8 23. Re1 Rh6 24. Re3 Qg5+ 25. Kh1 Qf4 26. Kg2 Qxh2+ 27. Kf1 Qh1+ 28. Ke2 Qxa1 0-1


[Site "https://www.chess.com"]

[Event "Titled Tuesday Blitz June 07 Late 2022"]
[White "Pinheiro, Iung Alicio de O."]
[Black "Steinberg, Nitzan"]
[WhiteFideId "2104350"]
[BlackFideId "2801795"]
[WhiteElo "2283"]
[BlackElo "2471"]
[Result "1-0"]
[Round "01"]
[TimeControl "180+1"]
[Date "2022.06.07"]
[WhiteClock "0:00:57"]
[BlackClock "0:01:55"]

1. c4 e6 2. g3 d5 3. Nf3 Nf6 4. Bg2 d4 5. b4 a5 6. b5 a4 7. O-O Bc5 8. Ba3 Bxa3 9. Nxa3 Qe7 10. Nc2 e5 11. d3 O-O 12. e3 dxe3 13. Nxe3 Rd8 14. Qc2 Nbd7 15. Rfe1 Nc5 16. d4 exd4 17. Nd5 Qd6 18. Nxd4 Bg4 19. h3 Bh5 20. Nf5 Bg6 21. Nde7+ Kf8 22. Nxg6+ hxg6 23. Nxd6 Rxd6 24. Rad1 Rad8 25. Rxd6 Rxd6 26. Qc3 b6 27. Bd5 Nxd5 28. cxd5 Rxd5 29. Qf3 Rd8 30. h4 Kg8 31. h5 gxh5 32. Qxh5 Ne6 33. Rd1 Nd4 34. Kg2 Rd6 35. Qe5 Nxb5 36. Qe8+ Kh7 37. Qxb5 Rxd1 38. Qh5+ 1-0


[Site "https://www.chess.com"]

[Event "Titled Tuesday Blitz June 07 Late 2022"]
[White "Shimanov, Aleksandr"]
[Black "Koc, Przemyslaw"]
[WhiteFideId "4198603"]
[BlackFideId "1109081"]
[WhiteElo "2605"]
[BlackElo "2134"]
[Result "1-0"]
[Round "01"]
[TimeControl "180+1"]
[Date "2022.06.07"]
[WhiteClock "0:01:03"]
[BlackClock "0:01:08"]

1. e4 e5 2. Nf3 Nf6 3. Nc3 Nc6 4. h3 d5 5. exd5 Nxd5 6. Bb5 Nxc3 7. bxc3 Bc5 8. Nxe5 O-O 9. Bxc6 bxc6 10. d4 Bd6 11. O-O c5 12. Qf3 Be6 13. Bf4 Qf6 14. Rfe1 Rab8 15. Qg3 Rfe8 16. Re3 cxd4 17. cxd4 c5 18. c3 cxd4 19. cxd4 Qf5 20. Nd3 Bxf4 21. Nxf4 Rb1+ 22. Rxb1 Qxb1+ 23. Kh2 Qxa2 24. Nh5 g6 25. Nf6+ Kf8 26. Qd6+ Re7 27. Qd8+ Kg7 28. Qxe7 Qxf2 29. Rf3 Qxd4 30. Ne8+ Kg8 31. Qf6 Qd7 32. Qg7# 1-0


[Site "https://www.chess.com"]

[Event "Titled Tuesday Blitz June 07 Late 2022"]
[White "Sjugirov, Sanan"]
[Black "Karas, Marek"]
[WhiteFideId "4189302"]
[BlackFideId "14928558"]
[WhiteElo "2602"]
[BlackElo "2271"]
[Result "1-0"]
[Round "01"]
[TimeControl "180+1"]
[Date "2022.06.07"]
[WhiteClock "0:00:11"]
[BlackClock "0:00:08"]

1. Nf3 Nf6 2. g3 d5 3. Bg2 e6 4. O-O Be7 5. c4 O-O 6. b3 b6 7. cxd5 Nxd5 8. Bb2 Bb7 9. d4 Nd7 10. Re1 c5 11. e4 N5f6 12. Nc3 cxd4 13. Nxd4 Nc5 14. e5 Nd5 15. Nxd5 Bxd5 16. Bxd5 Qxd5 17. Nf5 Rfe8 18. Qxd5 exd5 19. Rad1 Rad8 20. Ne3 d4 21. Bxd4 Ne6 22. Bb2 Bc5 23. Nd5 Kf8 24. Kg2 Rd7 25. b4 Red8 26. bxc5 Rxd5 27. Rxd5 Rxd5 28. cxb6 axb6 29. Re3 Ra5 30. Ra3 Rxa3 31. Bxa3+ Ke8 32. Kf3 Kd7 33. Ke4 Kc6 34. f4 g6 35. g4 Nc7 36. f5 Nb5 37. Bb2 Nc7 38. h4 Kd7 39. Bd4 Nb5 40. Bb2 Nc7 41. a4 h5 42. gxh5 gxh5 43. Bd4 b5 44. a5 Kc6 45. e6 fxe6 46. f6 Kd6 47. Be5+ Kd7 48. Bxc7 b4 49. Be5 b3 50. a6 b2 51. Bxb2 1-0


[Site "https://www.chess.com"]

[Event "Titled Tuesday Blitz June 07 Late 2022"]
[White "Sliwicki, Damian"]
[Black "Ibarra Jerez, Jose Carlos"]
[WhiteFideId "1127128"]
[BlackFideId "2226332"]
[WhiteElo "2081"]
[BlackElo "2628"]
[Result "0-1"]
[Round "01"]
[TimeControl "180+1"]
[Date "2022.06.07"]
[WhiteClock "0:00:23"]
[BlackClock "0:00:18"]

1. e4 c5 2. Nf3 e6 3. d4 cxd4 4. Nxd4 Bc5 5. Nb3 Bb6 6. Nc3 Ne7 7. Bd3 O-O 8. Bg5 Nbc6 9. O-O f6 10. Bh4 a6 11. Kh1 Ng6 12. Bg3 Nce5 13. f4 Nxd3 14. cxd3 f5 15. Qh5 d6 16. Rae1 Bd7 17. d4 Rc8 18. d5 Qf6 19. e5 Qf7 20. dxe6 Bxe6 21. exd6 Bc4 22. Rf3 Rfd8 23. Na4 Ba7 24. Bf2 Bxf2 25. Rxf2 Rxd6 26. h3 h6 27. Nc3 Kh7 28. Nd2 Bxa2 29. Nxa2 Qxa2 30. Nf3 Rf8 31. Rfe2 Kg8 32. Re7 Nxe7 33. Rxe7 Qxb2 34. Ne5 Qc1+ 35. Kh2 Qxf4+ 0-1


[Site "https://www.chess.com"]

[Event "Titled Tuesday Blitz June 07 Late 2022"]
[White "Svane, Frederik"]
[Black "Koutlas, Nikolaos"]
[WhiteFideId "12923044"]
[BlackFideId "25827138"]
[WhiteElo "2459"]
[BlackElo "1738"]
[Result "1-0"]
[Round "01"]
[TimeControl "180+1"]
[Date "2022.06.07"]
[WhiteClock "0:01:10"]
[BlackClock "0:00:27"]

1. e4 c5 2. Nf3 Nc6 3. Bb5 g6 4. Bxc6 dxc6 5. d3 Bg7 6. O-O e5 7. a4 Qe7 8. a5 Nf6 9. Qe1 Nd7 10. Qc3 O-O 11. Be3 f5 12. Re1 f4 13. Bd2 g5 14. Qb3+ Kh8 15. Bc3 g4 16. Nfd2 Nf6 17. Nc4 Nh5 18. Nbd2 Be6 19. Qa3 Bg8 20. Nb3 b5 21. axb6 axb6 22. Qxa8 Rxa8 23. Rxa8 b5 24. Nca5 c4 25. dxc4 bxc4 26. Nxc4 h6 27. Rd1 Kh7 28. Nd6 g3 29. fxg3 fxg3 30. h3 Nf4 31. Nf5 Qc5+ 32. Nxc5 1-0


[Site "https://www.chess.com"]

[Event "Titled Tuesday Blitz June 07 Late 2022"]
[White "Szalay, Karoly"]
[Black "Bok, Benjamin"]
[WhiteFideId "2600544"]
[BlackFideId "1017063"]
[WhiteElo "2484"]
[BlackElo "2658"]
[Result "1/2-1/2"]
[Round "01"]
[TimeControl "180+1"]
[Date "2022.06.07"]
[WhiteClock "0:00:26"]
[BlackClock "0:00:15"]

1. e4 c5 2. Nf3 d6 3. d4 cxd4 4. Nxd4 Nf6 5. Nc3 a6 6. Bg5 Nbd7 7. f3 b5 8. Qd2 Bb7 9. a3 e6 10. O-O-O Be7 11. h4 Rc8 12. Kb1 h6 13. Be3 h5 14. Bg5 Ne5 15. f4 Neg4 16. Bd3 O-O 17. Rhe1 Re8 18. e5 dxe5 19. fxe5 Nd5 20. Nxd5 Bxd5 21. Nf3 g6 22. Qf4 Nf2 23. Rd2 Nxd3 24. Rxd3 Rc4 25. Rd4 Qc7 26. Bxe7 Qxe7 27. Rxc4 bxc4 28. g4 Rb8 29. Re3 Qb7 30. b3 cxb3 31. c4 Bxf3 32. Rxf3 Qd7 33. Kb2 hxg4 34. Rf2 g3 35. Rd2 Qc7 36. h5 Rd8 37. Rxd8+ Qxd8 38. hxg6 fxg6 39. Qxg3 g5 40. Kxb3 Qd1+ 41. Kc3 g4 42. Qf4 Qe1+ 43. Kd4 g3 44. Qg5+ Kh7 45. Qh5+ Kg7 46. Qg5+ Kh7 47. Qh5+ Kg7 48. Qg5+ Kh7 1/2-1/2


[Site "https://www.chess.com"]

[Event "Titled Tuesday Blitz June 07 Late 2022"]
[White "Tahbaz, Arash"]
[Black "Vivas Zamora, Fabian Ernesto"]
[WhiteFideId "12528846"]
[BlackFideId "3902480"]
[WhiteElo "2389"]
[BlackElo "2014"]
[Result "1-0"]
[Round "01"]
[TimeControl "180+1"]
[Date "2022.06.07"]
[WhiteClock "0:00:30"]
[BlackClock "0:00:06"]

1. d4 Nf6 2. Nf3 g6 3. g3 Bg7 4. Bg2 O-O 5. O-O d5 6. c4 c6 7. cxd5 cxd5 8. Nc3 Ne4 9. Nxe4 dxe4 10. Ng5 Qxd4 11. Nxe4 Nc6 12. Qxd4 Nxd4 13. Nc3 Be6 14. Bxb7 Rab8 15. Be4 Bc4 16. Re1 f5 17. Bb1 Rfd8 18. f3 a5 19. Kf2 a4 20. Nxa4 Rb7 21. b3 Nxb3 22. axb3 Bxa1 23. Nc5 Bd4+ 24. Be3 Bxc5 25. Bxc5 Rxb3 26. Rc1 Bf7 27. Bxe7 Re8 28. Bf6 Rb6 29. Bd4 Rd6 30. Be3 Rde6 31. Rc3 R6e7 32. h4 h5 33. Bc2 Bd5 34. Bd1 Kf7 35. Bg5 Rd7 36. Ba4 Rde7 37. Bxe7 Rxe7 38. Bb5 Be6 39. Bd3 Rd7 40. Rc6 Ra7 41. Rb6 Rc7 42. Ke3 Ra7 43. Kf4 Kf6 44. Bc4 Re7 45. Rxe6+ Rxe6 46. Bxe6 Kxe6 47. Kg5 Kf7 48. e4 fxe4 49. fxe4 Kg7 50. e5 Kf7 51. e6+ Kg7 52. e7 Kf7 53. e8=Q+ Kxe8 54. Kxg6 Ke7 55. Kxh5 Kf6 56. Kh6 Kf5 57. Kg7 Kg4 58. Kg6 Kxg3 59. h5 Kf4 60. h6 Ke4 61. h7 1-0


[Site "https://www.chess.com"]

[Event "Titled Tuesday Blitz June 07 Late 2022"]
[White "Terry, Renato"]
[Black "Mahdian, Anousha"]
[WhiteFideId "3803457"]
[BlackFideId "12571490"]
[WhiteElo "2577"]
[BlackElo "1726"]
[Result "1-0"]
[Round "01"]
[TimeControl "180+1"]
[Date "2022.06.07"]
[WhiteClock "0:01:31"]
[BlackClock "0:00:53"]

1. e4 c6 2. Nf3 d5 3. exd5 cxd5 4. Ne5 Nf6 5. d4 g6 6. c3 Bg7 7. Bd3 O-O 8. O-O Nc6 9. Nxc6 bxc6 10. Nd2 Bf5 11. Bxf5 gxf5 12. Nb3 e6 13. Bf4 a5 14. Nc5 Ne4 15. Nd3 a4 16. f3 Nd6 17. Nc5 Nc4 18. Nxa4 f6 19. b3 Rxa4 20. bxa4 e5 21. Bc1 f4 22. Rb1 Qa5 23. Rb7 Qxc3 24. Re1 Rf7 25. Rb8+ Rf8 26. Rb3 Qxd4+ 27. Qxd4 exd4 28. Bxf4 f5 29. Re7 Rf7 30. Rb8+ Bf8 31. Bh6 Nd6 32. Rxf7 1-0


[Site "https://www.chess.com"]

[Event "Titled Tuesday Blitz June 07 Late 2022"]
[White "Toncheva, Nadya"]
[Black "Suleymanli, Aydin"]
[WhiteFideId "2924056"]
[BlackFideId "13413937"]
[WhiteElo "1888"]
[BlackElo "2481"]
[Result "0-1"]
[Round "01"]
[TimeControl "180+1"]
[Date "2022.06.07"]
[WhiteClock "0:00:01"]
[BlackClock "0:00:37"]

1. e4 c5 2. c3 d5 3. exd5 Qxd5 4. d4 e6 5. Nf3 Nf6 6. Bd3 cxd4 7. cxd4 Nc6 8. Nc3 Qh5 9. O-O Bd6 10. h3 O-O 11. Re1 Rd8 12. Be3 e5 13. Nxe5 Nxe5 14. Qxh5 Nxh5 15. dxe5 Bxe5 16. Rad1 Be6 17. Be2 Nf4 18. Bf3 Nd3 19. Re2 Rd7 20. Red2 Rad8 21. Bxb7 Nxb2 22. Rxd7 Bxd7 23. Rc1 Bf5 24. Nd5 Nd3 25. Rd1 Kf8 26. Ba6 Nb2 27. Rd2 g6 28. Bc5+ Kg7 29. f4 Bc3 30. Re2 Rxd5 31. Ba3 Ra5 32. Bxb2 Bxb2 33. Rxb2 Rxa6 0-1


[Site "https://www.chess.com"]

[Event "Titled Tuesday Blitz June 07 Late 2022"]
[White "Urazayev, Arystanbek"]
[Black "D`Arruda, Ricardo D."]
[WhiteFideId "13709810"]
[BlackFideId "100692"]
[WhiteElo "2422"]
[BlackElo "2445"]
[Result "0-1"]
[Round "01"]
[TimeControl "180+1"]
[Date "2022.06.07"]
[WhiteClock "0:00:07"]
[BlackClock "0:00:29"]

1. d4 Nf6 2. c4 e5 3. dxe5 Ne4 4. Nf3 Nc6 5. Nbd2 Nc5 6. e3 d6 7. exd6 Bxd6 8. Nb3 Qf6 9. Be2 Bd7 10. O-O O-O-O 11. Nxc5 Bxc5 12. Qb3 Bg4 13. Qb5 b6 14. b4 Nxb4 15. Qa4 Qxa1 16. a3 Bd7 17. Qxa7 Nc6 18. Qa8+ Nb8 19. Nd4 Bxd4 20. Bf3 c6 21. exd4 Qxd4 22. Be3 Qxc4 23. Bxb6 Qa6 24. Ba7 Qb7 25. Qxb7+ Kxb7 26. Bd4 Rhe8 27. Rb1+ Kc8 28. Bxg7 Bf5 29. Rc1 Be4 30. Bh5 Rd7 31. f3 Bg6 32. Bg4 f5 0-1


[Site "https://www.chess.com"]

[Event "Titled Tuesday Blitz June 07 Late 2022"]
[White "Van Foreest, Jorden"]
[Black "Baches Garcia, Guillermo"]
[WhiteFideId "1039784"]
[BlackFideId "2209764"]
[WhiteElo "2609"]
[BlackElo "2498"]
[Result "1-0"]
[Round "01"]
[TimeControl "180+1"]
[Date "2022.06.07"]
[WhiteClock "0:00:54"]
[BlackClock "0:00:04"]

1. b3 Nf6 2. Bb2 g6 3. e3 Bg7 4. Nf3 O-O 5. d4 b6 6. Be2 Bb7 7. O-O c5 8. c4 cxd4 9. Nxd4 Nc6 10. Bf3 d5 11. Nxc6 Bxc6 12. cxd5 Bxd5 13. Nd2 Rc8 14. Rc1 Rxc1 15. Qxc1 Bxf3 16. Nxf3 Qc8 17. h3 Qb7 18. Rd1 Rc8 19. Qa1 Ne8 20. Bxg7 Nxg7 21. Ne5 f6 22. Nc4 Nf5 23. a4 Nh4 24. f3 Nxf3+ 25. gxf3 Qxf3 26. Rd2 Qxh3 27. Qd4 Qg3+ 28. Kf1 Rc5 29. Rf2 Rh5 30. Ke2 Rh2 31. Rxh2 Qxh2+ 32. Kd3 Qc7 33. e4 Kf7 34. e5 Qc5 35. Qh4 h5 36. Kc3 a6 37. b4 Qc7 38. Qf4 Qd7 39. exf6 Qf5 40. Qe3 Qxf6+ 41. Kb3 b5 42. Ne5+ Kg7 43. axb5 axb5 44. Qc5 h4 45. Qxb5 h3 46. Qd5 h2 47. Nd3 Qf7 48. Qxf7+ Kxf7 49. Nf2 g5 50. b5 g4 51. Nh1 e6 52. b6 Ke7 53. b7 1-0


[Site "https://www.chess.com"]

[Event "Titled Tuesday Blitz June 07 Late 2022"]
[White "Xiong, Jeffery"]
[Black "Vujic, Mihailo"]
[WhiteFideId "2047640"]
[BlackFideId "918873"]
[WhiteElo "2714"]
[BlackElo "2256"]
[Result "1-0"]
[Round "01"]
[TimeControl "180+1"]
[Date "2022.06.07"]
[WhiteClock "0:02:18"]
[BlackClock "0:01:20"]

1. e4 e5 2. Nf3 Nc6 3. Nc3 Nf6 4. d4 exd4 5. Nxd4 Nxe4 6. Nxe4 Qe7 7. Bd3 Nxd4 8. O-O Ne6 9. Re1 d5 10. Ng3 Qf6 11. Nh5 Qh4 12. g3 Qh3 13. Nf4 Qh6 14. Nxd5 Qh3 15. Nxc7+ Kd8 16. Bf5+ 1-0


[Site "https://www.chess.com"]

[Event "Titled Tuesday Blitz June 07 Late 2022"]
[White "Zhigalko, Sergei"]
[Black "Jian, Alex"]
[WhiteFideId "13502956"]
[BlackFideId "30901022"]
[WhiteElo "2662"]
[BlackElo "2111"]
[Result "1-0"]
[Round "01"]
[TimeControl "180+1"]
[Date "2022.06.07"]
[WhiteClock "0:02:34"]
[BlackClock "0:01:36"]

1. e4 c5 2. Nf3 e6 3. c3 d5 4. e5 Nc6 5. d4 Qb6 6. a3 Nge7 7. b4 cxd4 8. cxd4 Nf5 9. Be3 Be7 10. Bd3 O-O 11. O-O Bd7 12. Nc3 Nh4 13. Nxh4 Bxh4 14. Qh5 f5 15. exf6 Bxf6 16. Bxh7+ 1-0


[Site "https://www.chess.com"]

[Event "Titled Tuesday Blitz June 07 Late 2022"]
[White "Zlatin, Alexander"]
[Black "Chigaev, Maksim"]
[WhiteFideId "2810549"]
[BlackFideId "4108116"]
[WhiteElo "2228"]
[BlackElo "2457"]
[Result "0-1"]
[Round "01"]
[TimeControl "180+1"]
[Date "2022.06.07"]
[WhiteClock "0:00:26"]
[BlackClock "0:00:45"]

1. d4 d5 2. Nc3 Nf6 3. Bf4 g6 4. e3 c6 5. h4 h5 6. Nf3 Bg4 7. Qd2 Bxf3 8. gxf3 Nbd7 9. Bd3 e6 10. O-O-O Qa5 11. Kb1 Bb4 12. a3 Bxc3 13. Qxc3 Qxc3 14. bxc3 b5 15. e4 Nb6 16. Rhe1 Na4 17. Bd2 a6 18. Ka2 Kf8 19. Kb3 Kg7 20. Rg1 c5 21. exd5 Nxd5 22. dxc5 Nxc5+ 23. Ka2 Nxd3 24. cxd3 Rac8 25. Kb3 Rhd8 26. c4 Ne7 27. Bb4 Nf5 28. Bc3+ f6 29. cxb5 axb5 30. d4 Nxh4 31. d5 Rxd5 32. Rxd5 exd5 33. Rd1 Nxf3 34. Rxd5 Rc7 35. Rd6 Ne5 36. Bxe5 fxe5 37. Rd5 Kf6 38. Rxb5 h4 39. Rb8 Rh7 40. Rd8 h3 41. Rd1 Kf5 42. a4 Kf4 43. a5 Kf3 44. Kb4 h2 0-1


[Site "https://www.chess.com"]

[Event "Titled Tuesday Blitz June 07 Late 2022"]
[White "Abdrlauf, Elham"]
[Black "Adla, Diego"]
[WhiteFideId "1533533"]
[BlackFideId "100072"]
[WhiteElo "2403"]
[BlackElo "2377"]
[Result "1-0"]
[Round "02"]
[TimeControl "180+1"]
[Date "2022.06.07"]
[WhiteClock "0:00:10"]
[BlackClock "0:00:14"]

1. e4 e5 2. Nc3 Nf6 3. d4 exd4 4. Qxd4 Nc6 5. Qd3 d5 6. Bf4 d4 7. Nb5 Bb4+ 8. c3 dxc3 9. Qxd8+ Kxd8 10. bxc3 Ba5 11. O-O-O+ Bd7 12. f3 a6 13. Nd4 Kc8 14. Nge2 Rd8 15. Nxc6 Bxc6 16. Rxd8+ Kxd8 17. Nd4 Bd7 18. Kc2 Ba4+ 19. Kb2 Bb6 20. Bc4 Ke8 21. Nf5 Kf8 22. Bb3 Bxb3 23. axb3 Rd8 24. Bg5 Rd7 25. Bxf6 gxf6 26. Kc2 c5 27. Rd1 Rxd1 28. Kxd1 Bc7 29. h4 b5 30. h5 a5 31. Kc2 Ke8 32. Ne3 Kd7 33. g4 Ke6 34. Nd5 Bd8 35. f4 Kd6 36. c4 b4 37. Kd3 Ke6 38. Ke3 Kd6 39. Ke2 Ke6 40. Ne3 Bc7 41. Kf3 Bd8 42. Nd5 Kd6 43. Ke3 Ke6 44. Kd3 Kd6 45. Kd2 Ke6 46. Ke2 Kd6 47. Ne3 Ke6 48. Nc2 Bc7 49. Ke3 Kd6 50. Ne1 Kc6 51. Nd3 Bd6 52. e5 fxe5 53. fxe5 Be7 54. Ke4 Bg5 55. Kf5 Bd2 56. Kf6 a4 57. bxa4 b3 58. Kxf7 Bg5 59. e6 Kd6 60. a5 Bd8 61. a6 Bb6 62. e7 1-0


[Site "https://www.chess.com"]

[Event "Titled Tuesday Blitz June 07 Late 2022"]
[White "Ambartsumova, Karina"]
[Black "Svane, Frederik"]
[WhiteFideId "4166299"]
[BlackFideId "12923044"]
[WhiteElo "2262"]
[BlackElo "2459"]
[Result "0-1"]
[Round "02"]
[TimeControl "180+1"]
[Date "2022.06.07"]
[WhiteClock "0:00:12"]
[BlackClock "0:00:15"]

1. c4 c5 2. Nf3 g6 3. d4 cxd4 4. Nxd4 Nc6 5. Nc2 Bg7 6. e4 d6 7. Be2 Nf6 8. Nc3 Nd7 9. O-O Nc5 10. Bd2 O-O 11. b4 Ne6 12. Kh1 Ned4 13. Nxd4 Nxd4 14. Bd3 Be6 15. Rc1 a5 16. b5 Rc8 17. Nd5 Bxd5 18. exd5 e5 19. dxe6 Nxe6 20. Qf3 Nc5 21. Bb1 a4 22. Rcd1 Qc7 23. Bf4 Rfd8 24. Bg3 Ne6 25. Bd3 Be5 26. Rfe1 Re8 27. Qg4 Qc5 28. f4 Bc3 29. Rf1 f5 30. Qf3 Re7 31. Bxf5 gxf5 32. Qxc3 Qxc4 33. Qf6 Rf7 34. Qh6 Rg7 35. Rfe1 Rg6 36. Qh3 Ng7 37. Rd2 Qxb5 38. Rde2 Re8 39. Rxe8+ Nxe8 40. Qh4 Re6 41. Qg5+ Ng7 42. Rxe6 Qf1# 0-1


[Site "https://www.chess.com"]

[Event "Titled Tuesday Blitz June 07 Late 2022"]
[White "Badelka, Olga"]
[Black "Guseinov, Gadir"]
[WhiteFideId "13509926"]
[BlackFideId "13401378"]
[WhiteElo "2165"]
[BlackElo "2581"]
[Result "0-1"]
[Round "02"]
[TimeControl "180+1"]
[Date "2022.06.07"]
[WhiteClock "0:00:03"]
[BlackClock "0:00:52"]

1. c4 g6 2. Nc3 Bg7 3. g3 d6 4. Bg2 e5 5. e4 Nf6 6. Nge2 O-O 7. O-O Nc6 8. d3 Nh5 9. Be3 Nd4 10. f4 Bg4 11. Qd2 Qd7 12. Rae1 Rae8 13. Kh1 c6 14. Bg1 Nxe2 15. Nxe2 f5 16. exf5 gxf5 17. fxe5 dxe5 18. Nc1 f4 19. gxf4 Nxf4 20. Be4 Qf7 21. Be3 Qh5 22. Bxf4 exf4 23. Qf2 Kh8 24. Nb3 f3 25. Qg3 Be5 26. Qf2 Rf6 27. Rg1 Rh6 28. Rg3 Bxg3 29. Qxg3 f2 30. Qxf2 Bf3+ 0-1


[Site "https://www.chess.com"]

[Event "Titled Tuesday Blitz June 07 Late 2022"]
[White "Bellissimo, Joseph F."]
[Black "Licznerski, Lukasz"]
[WhiteFideId "2609843"]
[BlackFideId "1179250"]
[WhiteElo "2061"]
[BlackElo "2387"]
[Result "0-1"]
[Round "02"]
[TimeControl "180+1"]
[Date "2022.06.07"]
[WhiteClock "0:02:11"]
[BlackClock "0:01:01"]

1. e4 c6 2. d4 d5 3. e5 Bf5 4. h4 h5 5. c4 e6 6. Nc3 Ne7 7. Bg5 Qb6 8. Qd2 Nd7 9. c5 Qc7 10. Rc1 Ng6 11. Nge2 f6 12. exf6 gxf6 13. Be3 e5 14. Ng3 Bg4 15. f3 exd4 16. fxg4 Qxg3+ 17. Bf2 dxc3 18. Rxc3 Qxg4 19. Be2 Qe6 20. O-O Bh6 21. Qd3 Nf4 22. Bxh5+ Nxh5 23. Qg6+ Qf7 24. Re3+ Ne5 25. Qf5 Bxe3 0-1


[Site "https://www.chess.com"]

[Event "Titled Tuesday Blitz June 07 Late 2022"]
[White "Bilan, Danila"]
[Black "Moussard, Jules"]
[WhiteFideId "24161918"]
[BlackFideId "642908"]
[WhiteElo "2164"]
[BlackElo "2589"]
[Result "0-1"]
[Round "02"]
[TimeControl "180+1"]
[Date "2022.06.07"]
[WhiteClock "0:00:02"]
[BlackClock "0:02:03"]

1. d4 c6 2. Nf3 d6 3. g3 Nf6 4. Bg2 g6 5. O-O Bg7 6. Bg5 O-O 7. c3 Ne4 8. Bf4 Nd7 9. Nbd2 Nxd2 10. Qxd2 e5 11. dxe5 dxe5 12. Bh6 Qe7 13. Rad1 Re8 14. Bxg7 Kxg7 15. Qd6 a5 16. Rd2 Nc5 17. Rfd1 Qxd6 18. Rxd6 Be6 19. Nxe5 Bxa2 20. Nd7 Na4 21. R1d2 Re7 22. e4 Be6 23. e5 Rd8 24. Nf6 Rb8 25. f4 Nb6 26. Rd8 Rxd8 27. Rxd8 Nd7 28. Ne8+ Kh6 29. Nd6 f6 30. Nxb7 fxe5 31. fxe5 Nxe5 32. Nc5 Bf5 33. h3 Nf7 34. Rd2 Re1+ 35. Kh2 Ne5 36. g4 Bc8 37. Nd3 Nc4 38. Rf2 Re3 39. Nf4 c5 40. Nd5 Rd3 41. Nf6 Rd2 42. Rf4 Ne3 43. Kg3 Nxg2 44. Rc4 Bb7 45. Rxc5 g5 46. Nh5 Ne3 47. Rc7 Nf1# 0-1


[Site "https://www.chess.com"]

[Event "Titled Tuesday Blitz June 07 Late 2022"]
[White "Bortnyk, Olexandr"]
[Black "Harsh Suresh"]
[WhiteFideId "14120828"]
[BlackFideId "45018464"]
[WhiteElo "2723"]
[BlackElo "2059"]
[Result "1-0"]
[Round "02"]
[TimeControl "180+1"]
[Date "2022.06.07"]
[WhiteClock "0:00:05"]
[BlackClock "0:00:09"]

1. d4 Nf6 2. Nc3 d5 3. Bf4 c6 4. e3 Bf5 5. Nf3 Nbd7 6. Ne5 h6 7. Bd3 Bxd3 8. cxd3 e6 9. O-O Nxe5 10. Bxe5 Bd6 11. Qb3 Rb8 12. e4 Bxe5 13. dxe5 Nd7 14. exd5 cxd5 15. d4 O-O 16. Rac1 b5 17. Ne2 Qb6 18. Rc3 Rfc8 19. Rfc1 Rc4 20. h4 Rbc8 21. Rd1 Rxc3 22. bxc3 Qa5 23. Rd3 Qa4 24. Qb2 b4 25. Qxb4 Qxb4 26. cxb4 Rc2 27. Nc3 Nb6 28. a4 Rb2 29. b5 Rb3 30. Rg3 Rb4 31. a5 Nc4 32. b6 axb6 33. a6 Rb3 34. a7 Ra3 35. Nb5 Ra1+ 36. Kh2 g6 37. Ra3 Nxa3 38. a8=Q+ Kg7 39. Nxa3 1-0


[Site "https://www.chess.com"]

[Event "Titled Tuesday Blitz June 07 Late 2022"]
[White "Chigaev, Maksim"]
[Black "Arias Gaviria, Mario Alexis"]
[WhiteFideId "4108116"]
[BlackFideId "3800660"]
[WhiteElo "2457"]
[BlackElo "2174"]
[Result "1-0"]
[Round "02"]
[TimeControl "180+1"]
[Date "2022.06.07"]
[WhiteClock "0:00:16"]
[BlackClock "0:00:08"]

1. e4 e5 2. Nf3 Nc6 3. Nc3 Nf6 4. h3 d5 5. exd5 Nxd5 6. Bb5 Nxc3 7. bxc3 Bd6 8. O-O O-O 9. d4 exd4 10. cxd4 Bd7 11. c4 a6 12. Ba4 b5 13. cxb5 axb5 14. Bxb5 Nb4 15. Bxd7 Qxd7 16. a3 Nd5 17. Re1 Qa4 18. Qd3 Qa6 19. Qf5 c6 20. Ng5 g6 21. Qf3 Be7 22. Ne4 Qc4 23. Bh6 Rfe8 24. Rac1 Qxd4 25. Red1 Qe5 26. Rxc6 Red8 27. Bc1 f5 28. Ng5 Rab8 29. Ne6 Rd7 30. Nc5 Rdd8 31. Nd3 Qe4 32. Re1 Qxf3 33. gxf3 Bf6 34. Nf4 Bc3 35. Rd1 Nxf4 36. Rxd8+ Rxd8 37. Bxf4 Ra8 38. Rxc3 Kf7 39. h4 Ke6 40. Re3+ Kd5 41. Bg5 Kc4 42. Kg2 Kd4 43. Kg3 Kd5 44. f4 Kc6 45. f3 Ra4 46. Re7 Kd5 47. Rxh7 Rxa3 48. Rg7 Ra2 49. Rxg6 Rc2 50. Rf6 Ra2 51. Rxf5+ Ke6 52. Re5+ Kf7 53. Re4 Kg6 54. Re6+ Kg7 55. h5 Ra8 56. Rg6+ Kh7 57. Rb6 Ra7 58. Kg4 Rf7 59. f5 Rd7 60. f4 Rf7 61. Re6 Rf8 62. h6 Kg8 63. Kh5 Rxf5 64. Kg6 Rf8 65. h7+ Kh8 66. Bf6+ Rxf6+ 67. Kxf6 1-0


[Site "https://www.chess.com"]